 Dungeon Crawl Stone Soup version 0.30-b1-5-g8e6c1be481 (webtiles) character file.

Game seed: 8954741292035411402

23 ChrisAssaf the Firebug (level 2, 0/22 HPs)
             Began as a Hill Orc Fire Elementalist on May 4, 2023.
             Succumbed to a kobold's poison
             ... on level 3 of the Dungeon.
             The game lasted 00:03:17 (594 turns).

ChrisAssaf the Firebug (Hill Orc Fire Elementalist)  Turns: 594, Time: 00:03:17

Health: 0/22       AC:  2    Str: 10    XL:     2   Next: 95%
Magic:  0/4        EV: 12    Int: 15    God:
Gold:   67         SH:  0    Dex: 17    Spells: 1/4 levels left

rFire   . . .        f - +3 hand axe
rCold   . . .        (no shield)
rNeg    . . .        a - +0 robe
rPois   .            (no helmet)
rElec   .            (no cloak)
rCorr   .            (no gloves)
SInv    .            (no boots)
Will    .....        (no amulet)
Stlth   ++           d - +6 ring of dexterity
HPRegen 0.23/turn    (no ring)
MPRegen 0.09/turn

%: no passive effects
@: lethally poisoned (0 -> 0), about to teleport
A: no striking features
a: no special abilities


You were on level 3 of the Dungeon.
You visited 1 branch of the dungeon, and saw 3 of its levels.

You collected 67 gold pieces.

Inventory:

Hand Weapons
 f - a +3 hand axe (weapon)
Armour
 a - a +0 robe (worn)
Jewellery
 d - a +6 ring of dexterity (left hand)
Scrolls
 c - a scroll of fog {unknown}
 g - a scroll of fear {unknown}
Potions
 b - a potion of magic


   Skills:
 * Level 0.6 Fighting
 * Level 0.8 Armour
 * Level 1.7 Dodging
 * Level 1.6 Stealth
 * Level 1.7 Spellcasting
 * Level 1.1 Conjurations
 * Level 3.7 Fire Magic


You had one spell level left.
You knew the following spells:

 Your Spells              Type           Power      Damage    Failure   Level
a - Foxfire               Conj/Fire      32%        2x1d5     9%          1
b - Scorch                Fire           24%        2d6       8%          2

Your spell library contained the following spells:

 Spells                   Type           Power      Damage    Failure   Level
 Sandblast                Erth           2%         2d4       22%         1
 Inner Flame              Hex/Fire       6%         N/A       32%         3
 Volatile Blastmotes      Fire/Tloc      12%        2d11      32%         3
 Passwall                 Tmut/Erth      0%         N/A       34%         2
 Stone Arrow              Conj/Erth      6%         3d7       47%         3
 Flame Wave               Conj/Fire      8%         2d5       63%         4


Dungeon Overview and Level Annotations

Branches:
Dungeon (3/15)

Altars:


Message History

You kill the bat!
You hit the endoplasm.
The goblin shoots a sling bullet.
The sling bullet barely misses you. The endoplasm freezes you.
You are frozen.
The goblin shoots a sling bullet.
The sling bullet barely misses you.
Casting: Scorch (safe; 8% risk of failure)
Press: ? - help, Q - select action, (/) - cycle Dir - look around, f - activate Flames lash the endoplasm.
You kill the endoplasm!
The kobold throws a poisoned dart.
The poisoned dart hits you!
You are poisoned.
You feel sick.
The goblin shoots a sling bullet.
The sling bullet barely misses you.
Casting: Scorch (safe; 8% risk of failure)
Press: ? - help, Q - select action, (/) - cycle Dir - look around, f - activate Flames lash the kobold.
The kobold is severely wounded.
The kobold's fire resistance burns away.
You feel sick.
The goblin shoots a sling bullet.
The sling bullet misses you.
You hit the kobold.
You kill the kobold!
You feel sick.
The goblin shoots a sling bullet.
The sling bullet hits you.
* * * LOW HITPOINT WARNING * * *
* * * LOW HITPOINT WARNING * * *
You feel sick.
The goblin shoots a sling bullet.
The sling bullet barely misses you.
Things that are here:
a +0 short sword; 8 poisoned darts
Okay, then.
* * * LOW HITPOINT WARNING * * *
You feel sick.
The goblin shoots a sling bullet.
The sling bullet barely misses you.
* * * LOW HITPOINT WARNING * * *
You feel sick.
The goblin shoots a sling bullet.
The sling bullet barely misses you.
Okay, then.
As you read the scroll labelled IZENGA TYECH, it crumbles to dust.
You feel strangely unstable.
It was a scroll of teleportation.
You die...

# .. ## ... ##. ..#
###.. ... ##...# #.##
####..### ####...###
######....##
.........####......####
.......).@....######
.........######
......g....
.........### ...#####.#
## #.# #.# #..


You could see a goblin.

Vanquished Creatures
  A ball python (D:1)
  2 endoplasms
  4 hobgoblins
  2 jackals (D:1)
  2 quokkas (D:2)
  2 bats
  A goblin (D:1)
  4 kobolds
18 creatures vanquished.

Vanquished Creatures (others)
  A ball python (D:2)
  20 foxfires (D:1)
21 creatures vanquished.

Grand Total: 39 creatures vanquished

Notes
Turn   | Place    | Note
-------+----------+-------------------------------------------
     0 | D:1      | ChrisAssaf the Hill Orc Fire Elementalist began the quest
                  | for the Orb.
     0 | D:1      | Reached XP level 1. HP: 14/14 MP: 3/3
   353 | D:1      | Reached XP level 2. HP: 22/22 MP: 2/4
   356 | D:1      | Learned a level 2 spell: Scorch
   593 | D:3      | HP: 1/22 [poisoned by a kobold]
   594 | D:3      | Succumbed to a kobold's poison

Illustrated notes

Levels and vault maps discovered:
D:1:      lightli_arrival_maybe_door_vault, layout_basic,
          hellmonk_ecumenical_altar_inner_sanctum, hangedman_decor_riveting,
          minivault_11, minmay_surrounded
D:2:      layout_basic
D:3:      layout_rooms, serial_glass, glass_columns_c, glass_columns_a

Action                     || total
---------------------------++-------
  Melee: Hand axe          ||    10
   Cast: Foxfire           ||    12
         Scorch            ||     8
    Use: Scroll            ||     1
 Armour: Robe              ||     4
  Dodge: Dodged            ||    34
